[Event "Titled Tuesday Blitz August 22 Late 2023"]
[White "Graif, William"]
[Black "Magallanes, Rey Jomar"]
[WhiteFideId "2609835"]
[BlackFideId "5205948"]
[WhiteElo "2502"]
[BlackElo "2258"]
[Result "1-0"]
[Round "8"]
[TimeControl "180+1"]
[Date "2023.08.22"]
[WhiteClock "0:00:15"]
[BlackClock "0:00:40"]
[Board "119"]

1. e4 c5 2. Nc3 d6 3. f4 g6 4. Nf3 Bg7 5. Bc4 Nc6 6. O-O e6 7. d4 Nxd4 8. Be3 Nc6 9. Nb5 Nd4 10. Nfxd4 cxd4 11. Bxd4 Nf6 12. e5 Ne4 13. Bd3 dxe5 14. fxe5 a6 15. Bxe4 axb5 16. c3 O-O 17. a3 Qc7 18. Rf6 Bd7 19. Qe2 Bc6 20. Re1 Rad8 21. h3 Bxf6 22. exf6 Rxd4 23. cxd4 Qf4 24. Qf2 Qxf2+ 25. Kxf2 Rd8 26. Ke3 Kf8 27. Rc1 Rd6 28. g4 Ke8 29. Bxc6+ bxc6 30. g5 Kd7 31. Rc5 Rd5 32. Rxd5+ exd5 33. b3 Kd6 34. Kf4 c5 35. dxc5+ Kxc5 36. Ke5 d4 37. Ke4 d3 38. Kxd3 Kd5 39. h4 Ke5 40. a4 bxa4 41. bxa4 Kf4 42. a5 Kg4 43. a6 Kxh4 44. a7 Kxg5 45. a8=Q Kxf6 46. Qf3+ Kg7 47. Ke4 f5+ 48. Kf4 Kf6 49. Qc6+ Kg7 50. Ke5 Kh6 51. Kf6 Kh5 52. Qg2 Kh4 53. Qh2+ Kg4 54. Qxh7 g5 55. Qxf5+ Kg3 56. Qxg5+ Kf3 57. Ke5 Ke2 58. Qg3 Kd1 59. Qf2 Kc1 60. Qe2 Kb1 61. Qd2 Ka1 62. Kd4 Kb1 63. Kc3 Ka1 64. Qb2# 1-0


[Site "https://www.chess.com"]

[Event "Titled Tuesday Blitz August 22 Late 2023"]
[White "Bibasa, Bob"]
[Black "Kohler, Aran"]
[WhiteFideId "10000240"]
[BlackFideId "1002856"]
[WhiteElo "2475"]
[BlackElo "2257"]
[Result "1/2-1/2"]
[Round "8"]
[TimeControl "180+1"]
[Date "2023.08.22"]
[WhiteClock "0:01:27"]
[BlackClock "0:01:16"]
[Board "120"]

1. e4 c6 2. d4 d5 3. Nc3 dxe4 4. Nxe4 Bf5 5. Ng3 Bg6 6. Nf3 Nd7 7. h4 h6 8. h5 Bh7 9. Bd3 Ngf6 10. O-O e6 11. c3 Bxd3 12. Qxd3 Bd6 13. Ne2 Qc7 14. a4 Nxh5 15. a5 a6 16. b4 O-O 17. Ra2 Rad8 18. Qe4 Nhf6 19. Qh4 Nh7 20. g3 e5 21. Be3 Rde8 22. dxe5 Nxe5 23. Nxe5 Bxe5 24. Rd2 Rd8 25. Rfd1 Rxd2 26. Rxd2 Bf6 27. Qf4 Qxf4 28. Nxf4 Rd8 29. Rxd8+ Bxd8 30. Nd3 Be7 31. Bc5 Bf6 32. Bd4 Be7 33. Bc5 Bf6 34. Bd4 Be7 35. Bc5 1/2-1/2


[Site "https://www.chess.com"]

[Event "Titled Tuesday Blitz August 22 Late 2023"]
[White "KSho99"]
[Black "sebastianmarinp"]
[WhiteElo "2228"]
[BlackElo "2402"]
[Result "0-1"]
[Round "8"]
[TimeControl "180+1"]
[Date "2023.08.22"]
[WhiteClock "0:00:00"]
[BlackClock "0:00:43"]
[Board "121"]

1. Nf3 d5 2. g3 Nc6 3. d4 Bf5 4. Bg2 Qd7 5. c3 h5 6. Bf4 O-O-O 7. b4 f6 8. b5 Na5 9. Qa4 b6 10. Nbd2 a6 11. c4 dxc4 12. Nxc4 Qxb5 13. Rc1 Nxc4 14. Rxc4 Qxa4 15. Rxc7+ Kb8 16. Rxe7+ Kc8 17. Rc7+ Kb8 18. Rd7+ Kc8 19. Rc7+ Kb8 20. Rc4+ Bd6 21. Bxd6+ Rxd6 22. Rxa4 b5 23. Kd2 bxa4 24. Rb1+ Kc8 0-1


[Site "https://www.chess.com"]

[Event "Titled Tuesday Blitz August 22 Late 2023"]
[White "Vanek, Tomas"]
[Black "Ozalp, Burak"]
[WhiteFideId "313459"]
[BlackFideId "6314210"]
[WhiteElo "2220"]
[BlackElo "2386"]
[Result "0-1"]
[Round "8"]
[TimeControl "180+1"]
[Date "2023.08.22"]
[WhiteClock "0:00:14"]
[BlackClock "0:00:04"]
[Board "122"]

1. d4 d5 2. Bf4 Bf5 3. e3 c6 4. Bd3 e6 5. Bxf5 exf5 6. Qe2 Nf6 7. Nc3 Bb4 8. Nf3 Ne4 9. O-O Bxc3 10. bxc3 Nxc3 11. Qd3 Ne4 12. Rab1 Qe7 13. c4 O-O 14. cxd5 cxd5 15. Qb5 Nd7 16. Qxb7 Nc3 17. Rb2 Rac8 18. Ne5 Rfd8 19. Nc6 Qe8 20. Nxd8 Qxd8 21. Rc2 Rc4 22. h3 g5 23. Bxg5 Qxg5 24. Qxd7 Qg6 25. Qd8+ Kg7 26. Qa5 Ne4 27. Rxc4 dxc4 28. Qxa7 c3 29. Qc7 Qa6 30. Qe5+ Kg6 31. g4 Nd2 32. Qxf5+ Kg7 33. Qg5+ Kf8 34. Qd8+ Kg7 35. Qg5+ Kf8 36. Rc1 Qd3 37. Qc5+ Kg7 38. Qxc3 Nf3+ 39. Kg2 Qe4 40. d5+ Nd4+ 41. Kg3 Qf3+ 42. Kh4 Kh6 43. Qxd4 Qxf2# 0-1


[Site "https://www.chess.com"]

[Event "Titled Tuesday Blitz August 22 Late 2023"]
[White "Nielsen, Viktor Haarmark"]
[Black "tomobeast"]
[WhiteFideId "1444492"]
[WhiteElo "2385"]
[BlackElo "2219"]
[Result "1/2-1/2"]
[Round "8"]
[TimeControl "180+1"]
[Date "2023.08.22"]
[WhiteClock "0:00:30"]
[BlackClock "0:01:02"]
[Board "123"]

1. e4 c5 2. Nf3 Nf6 3. Nc3 d5 4. Bb5+ Bd7 5. Bxd7+ Qxd7 6. exd5 Nxd5 7. O-O Nc6 8. Re1 e6 9. Ne4 Be7 10. d3 O-O 11. Bg5 Bxg5 12. Nexg5 h6 13. Ne4 b6 14. Ng3 Nf6 15. Qd2 Rfd8 16. Rad1 Qc7 17. b3 Rd5 18. Ne2 Rad8 19. Nf4 R5d7 20. Qe3 Nd5 21. Nxd5 Rxd5 22. a3 Nd4 23. Nxd4 Rxd4 24. a4 Qd6 25. g3 Rb4 26. h4 Qd4 27. Qxd4 Rbxd4 28. Ra1 Kf8 29. Kg2 Ke7 30. Kf3 f5 31. Re5 R4d5 32. Rxd5 exd5 33. Re1+ Kf6 34. Kf4 g5+ 35. hxg5+ hxg5+ 36. Kf3 Rh8 37. Kg2 d4 38. Kf3 Rh7 39. Re8 Re7 40. Rxe7 Kxe7 41. g4 Kf6 42. gxf5 Kxf5 43. Kg3 g4 44. f3 gxf3 45. Kxf3 a6 46. Kg3 Kg5 47. Kf3 Kf5 48. Kg3 Kg5 49. Kf3 Kf5 1/2-1/2


[Site "https://www.chess.com"]

[Event "Titled Tuesday Blitz August 22 Late 2023"]
[White "reevecanada"]
[Black "Figorito, Nick"]
[BlackFideId "30923689"]
[WhiteElo "2514"]
[BlackElo "2341"]
[Result "0-1"]
[Round "8"]
[TimeControl "180+1"]
[Date "2023.08.22"]
[WhiteClock "0:01:02"]
[BlackClock "0:00:16"]
[Board "124"]

1. e4 e6 2. Nf3 d5 3. Nc3 d4 4. Ne2 c5 5. d3 Nc6 6. g3 e5 7. Bg2 Bd6 8. O-O Nge7 9. c3 f6 10. Qb3 Qb6 11. Qc2 Be6 12. a3 Na5 13. b4 Nb3 14. Rb1 Nxc1 15. Rfxc1 cxb4 16. cxd4 b3 17. Qb2 exd4 18. Nexd4 Bf7 19. Nxb3 O-O 20. Nfd2 Qa6 21. Nc4 Bxc4 22. dxc4 Bxa3 23. Qc2 Bxc1 24. Rxc1 Nc6 25. Bf1 Qb6 26. c5 Qd8 27. Bc4+ Kh8 28. Rd1 Qe7 29. Qb1 Rfd8 30. Rd5 Ne5 31. Bf1 Qe6 32. Bg2 Rd7 33. Nd4 Qe7 34. Nf5 Qf8 35. Qc2 Rad8 36. f4 Nc6 37. Nd6 Nb4 38. Qa4 Nxd5 39. exd5 Rxd6 40. cxd6 Qxd6 41. Qxa7 b5 42. Be4 Rb8 43. Bb1 Qb6+ 44. Qxb6 Rxb6 45. Kf2 Kg8 46. Ke3 Kf7 47. Kd4 Ke7 48. Kc5 Rb8 49. d6+ Kd8 50. Bxh7 b4 51. Bb1 b3 52. h4 b2 53. Kc4 Kd7 54. Kc3 Kxd6 55. h5 Ke7 56. g4 Kf7 57. g5 fxg5 58. fxg5 Ke6 59. Ba2+ Kf5 60. Bb1+ Kxg5 61. h6 0-1


[Site "https://www.chess.com"]

[Event "Titled Tuesday Blitz August 22 Late 2023"]
[White "Ismayil, Malak"]
[Black "Florianovitz, Derlei Alex"]
[WhiteFideId "13412604"]
[BlackFideId "2114178"]
[WhiteElo "2489"]
[BlackElo "2217"]
[Result "1/2-1/2"]
[Round "8"]
[TimeControl "180+1"]
[Date "2023.08.22"]
[WhiteClock "0:00:04"]
[BlackClock "0:00:07"]
[Board "125"]

1. e4 e6 2. d4 d5 3. Nd2 c5 4. exd5 Qxd5 5. dxc5 Nf6 6. Ngf3 Qxc5 7. Bd3 Bd6 8. O-O Qc7 9. h3 Nc6 10. c3 h6 11. Qe2 O-O 12. Nc4 Bf4 13. Bxf4 Qxf4 14. Qe3 Nd5 15. Qe2 b5 16. Ne3 b4 17. c4 Nf6 18. b3 Bb7 19. Rad1 Rad8 20. Bb1 e5 21. Nd5 Nxd5 22. cxd5 Nd4 23. Nxd4 exd4 24. Qd3 g6 25. Qxd4 Qxd4 26. Rxd4 Rxd5 27. Rxb4 Rd7 28. Re1 Rfd8 29. Bc2 Ba8 30. Rc4 Rd2 31. Rc7 Bd5 32. Re3 Kg7 33. Rd3 Rxd3 34. Bxd3 Bxb3 35. Bxg6 Rd1+ 36. Kh2 Bxa2 37. Rxa7 Rd2 38. Bh5 Rxf2 39. Kg3 Rd2 40. Bf3 Be6 41. Ra5 Rd3 42. Kf4 Rd4+ 43. Ke5 Rb4 44. Ra7 Rb5+ 45. Kf4 Rb4+ 46. Kg3 Rd4 47. h4 Rb4 48. h5 Rd4 49. Ra5 Rb4 50. Re5 Rd4 51. Rc5 Rb4 52. Kf2 Rb2+ 53. Ke3 Rb3+ 54. Kf4 Rb4+ 55. Ke5 Rc4 56. Ra5 Rb4 57. Be4 Rb2 58. Ra7 Rb5+ 59. Kf4 Rb4 60. Ke3 Rb3+ 61. Kf4 Rb4 62. Ke3 Rb3+ 63. Kf4 Rb4 1/2-1/2


[Site "https://www.chess.com"]

[Event "Titled Tuesday Blitz August 22 Late 2023"]
[White "Deviprasath, Sharvesh"]
[Black "Hoffmann, Asa"]
[WhiteFideId "30938228"]
[BlackFideId "2001470"]
[WhiteElo "2487"]
[BlackElo "2288"]
[Result "1-0"]
[Round "8"]
[TimeControl "180+1"]
[Date "2023.08.22"]
[WhiteClock "0:00:26"]
[BlackClock "0:00:00"]
[Board "126"]

1. Nf3 d6 2. d4 Bg4 3. Nbd2 Nd7 4. h3 Bh5 5. e4 e5 6. Bc4 c6 7. c3 Ngf6 8. Qb3 Qe7 9. Qxb7 Rb8 10. Qxc6 Qd8 11. O-O Be7 12. dxe5 dxe5 13. Nxe5 O-O 14. Nxd7 Nxd7 15. f4 Nb6 16. Ba6 Re8 17. Nc4 Bh4 18. Ne3 Re6 19. Qb5 g6 20. f5 Rxe4 21. fxg6 hxg6 22. Qb3 Qe7 23. Kh1 Nd7 24. Nd5 Qe5 25. Nb4 Rf8 26. Bh6 Nc5 27. Qc2 Re8 28. Nd3 Nxd3 29. Bxd3 Re2 30. Bxe2 Bxe2 31. Rf4 Bg3 32. Rd4 Bb5 33. Qd2 Bc6 34. Rd8 Qh5 35. Rxe8+ Bxe8 36. Qd4 Be5 37. Qd8 Qxh6 38. Qxe8+ Kh7 39. Qxe5 Qe3 40. Qxe3 1-0


[Site "https://www.chess.com"]

[Event "Titled Tuesday Blitz August 22 Late 2023"]
[White "Vaglio Munoz, Jaime"]
[Black "ArchibaldCerveza29"]
[WhiteFideId "6500145"]
[WhiteElo "2285"]
[BlackElo "2444"]
[Result "0-1"]
[Round "8"]
[TimeControl "180+1"]
[Date "2023.08.22"]
[WhiteClock "0:00:53"]
[BlackClock "0:00:59"]
[Board "127"]

1. Nf3 c5 2. c4 Nf6 3. b3 Nc6 4. Bb2 g6 5. g3 Bg7 6. Bg2 O-O 7. O-O d5 8. Ne5 Nxe5 9. Bxe5 d4 10. d3 Qb6 11. Nd2 Bf5 12. a3 a5 13. Rb1 Nd7 14. Bxg7 Kxg7 15. b4 axb4 16. axb4 cxb4 17. Qb3 Nc5 18. Qxb4 Qxb4 19. Rxb4 Ra2 20. Rd1 Bg4 21. Kf1 Nxd3 22. Rxb7 Ne5 23. h3 Be6 24. Rxe7 Nxc4 25. Nf3 Rd8 26. g4 Kf6 27. Rc7 d3 28. g5+ Kg7 29. exd3 Nb2 30. Rd2 Ra1+ 31. Ne1 Nxd3 32. Re2 Nf4 33. Re3 Rdd1 34. Rxe6 Nxe6 35. Ke2 Rxe1+ 36. Kf3 Nxc7 37. Kg3 Ra3+ 38. Kh4 Ne6 39. f4 Rg1 40. Bd5 Nxf4 41. Bc4 Rxh3# 0-1


[Site "https://www.chess.com"]

[Event "Titled Tuesday Blitz August 22 Late 2023"]
[White "Liu, Casper"]
[Black "Mikhaylova, Irina"]
[WhiteFideId "1454153"]
[BlackFideId "4109040"]
[WhiteElo "2430"]
[BlackElo "2281"]
[Result "1-0"]
[Round "8"]
[TimeControl "180+1"]
[Date "2023.08.22"]
[WhiteClock "0:00:39"]
[BlackClock "0:00:25"]
[Board "128"]

1. e4 c5 2. d4 cxd4 3. Qxd4 Nc6 4. Qe3 e5 5. Nc3 Bb4 6. Bc4 Nf6 7. Bd2 O-O 8. O-O-O d6 9. f3 Be6 10. Qd3 Rc8 11. Bxe6 fxe6 12. Nb5 Bxd2+ 13. Rxd2 d5 14. exd5 exd5 15. Ne2 Nb4 16. Qa3 Nc6 17. Kb1 a6 18. Nd6 Rc7 19. Rhd1 Qe7 20. c4 Nd4 21. Nxd4 exd4 22. Rxd4 Rd8 23. c5 b6 24. cxb6 Rcd7 25. Nf5 Qxa3 26. bxa3 g6 27. Ne3 Rd6 28. Nc4 Rc6 29. b7 Rb8 30. Na5 Rb6+ 31. Rb4 Rb5 32. Rc1 Kf7 33. Rc8 Nd7 34. Rxb5 axb5 35. Rc7 Ke6 36. Nc6 Kd6 37. Nxb8 Kxc7 38. Nxd7 Kxb7 39. Nf6 Kc6 40. Nxh7 d4 41. Kc2 1-0


[Site "https://www.chess.com"]

[Event "Titled Tuesday Blitz August 22 Late 2023"]
[White "Cardozo Munar, Carlos Eduardo"]
[Black "Ochkoos, Jura"]
[WhiteFideId "4409477"]
[BlackFideId "2601214"]
[WhiteElo "2277"]
[BlackElo "2387"]
[Result "1-0"]
[Round "8"]
[TimeControl "180+1"]
[Date "2023.08.22"]
[WhiteClock "0:00:23"]
[BlackClock "0:00:31"]
[Board "129"]

1. d4 d5 2. c3 e6 3. Nf3 c5 4. e3 Nc6 5. Bd3 f5 6. h3 Nf6 7. g4 c4 8. Bc2 Bd7 9. Qe2 Bd6 10. gxf5 exf5 11. Rg1 O-O 12. Nbd2 Ne4 13. Nf1 Qa5 14. Bd2 Rae8 15. Ng5 h6 16. Nxe4 fxe4 17. Qh5 Bf5 18. Qxh6 g6 19. Rxg6+ Bxg6 20. Qxg6+ Kh8 21. Qxd6 Re7 22. Ng3 Qc7 23. Qxd5 Ref7 24. Nxe4 Rxf2 25. Nxf2 Qg3 26. O-O-O Rxf2 27. Qh5+ Kg8 28. Qg6+ Qxg6 29. Bxg6 Ne7 30. Be4 b5 31. h4 Kf7 32. h5 Rh2 33. Bg6+ Ke6 34. Rf1 Nxg6 35. hxg6 Rg2 36. Rf7 Rxg6 37. Rxa7 Kd5 38. Rc7 Ke4 39. Kc2 Rg5 40. Rc5 Rxc5 41. dxc5 Kd5 42. e4+ Kxc5 43. Be3+ 1-0


[Site "https://www.chess.com"]

[Event "Titled Tuesday Blitz August 22 Late 2023"]
[White "Arias Igual, Alejandro"]
[Black "Haitin, Ilja"]
[WhiteFideId "2254905"]
[BlackFideId "4501764"]
[WhiteElo "2275"]
[BlackElo "2366"]
[Result "0-1"]
[Round "8"]
[TimeControl "180+1"]
[Date "2023.08.22"]
[WhiteClock "0:00:31"]
[BlackClock "0:00:20"]
[Board "130"]

1. e4 e6 2. d4 d5 3. Bd3 dxe4 4. Bxe4 Nf6 5. Bf3 Bd6 6. c4 O-O 7. Nc3 c5 8. dxc5 Bxc5 9. Qxd8 Rxd8 10. a3 e5 11. Bg5 Be7 12. Nge2 Nc6 13. Bxc6 bxc6 14. O-O h6 15. Bxf6 Bxf6 16. Ng3 Rb8 17. Rab1 Rd2 18. Na4 Be6 19. Ne4 Rd4 20. Nxf6+ gxf6 21. b3 Rd2 22. Nc5 Ra2 23. a4 Rd2 24. Rfd1 Rxd1+ 25. Rxd1 Kf8 26. f3 Ke7 27. Kf2 Bf5 28. Rd2 h5 29. h4 Rg8 30. a5 Bc8 31. Ke3 f5 32. b4 f4+ 33. Ke4 Kf6 34. b5 Bf5# 0-1


[Site "https://www.chess.com"]

[Event "Titled Tuesday Blitz August 22 Late 2023"]
[White "petr577"]
[Black "Alfaro, William"]
[BlackFideId "6100457"]
[WhiteElo "2363"]
[BlackElo "2270"]
[Result "0-1"]
[Round "8"]
[TimeControl "180+1"]
[Date "2023.08.22"]
[WhiteClock "0:01:40"]
[BlackClock "0:01:48"]
[Board "131"]

1. e4 e5 2. Nf3 Nc6 3. Bb5 f5 4. d3 fxe4 5. dxe4 Nf6 6. Nc3 Bb4 7. O-O Bxc3 8. bxc3 d6 9. Qd3 O-O 10. Bxc6 bxc6 11. Qc4+ Kh8 12. Qxc6 Bg4 13. Nd2 Rb8 14. Ba3 Be2 15. Rfe1 Bb5 0-1


[Site "https://www.chess.com"]

[Event "Titled Tuesday Blitz August 22 Late 2023"]
[White "Baghdasaryan, Vahe"]
[Black "Fernandez Hernandez, Gerardo"]
[WhiteFideId "13303139"]
[BlackFideId "2207400"]
[WhiteElo "2351"]
[BlackElo "2269"]
[Result "1-0"]
[Round "8"]
[TimeControl "180+1"]
[Date "2023.08.22"]
[WhiteClock "0:00:44"]
[BlackClock "0:00:00"]
[Board "132"]

1. e4 e6 2. d4 d5 3. Nd2 Nc6 4. Ngf3 Nf6 5. e5 Nd7 6. c3 f6 7. Bb5 Be7 8. O-O O-O 9. Re1 fxe5 10. dxe5 Qe8 11. Bxc6 bxc6 12. Nd4 Qf7 13. N2f3 Bb7 14. Qc2 c5 15. Nb5 a6 16. Na3 d4 17. Ng5 Bxg5 18. Bxg5 Qf5 19. Qxf5 Rxf5 20. Bh4 Nxe5 21. Bg3 Nd3 22. Rxe6 Nxb2 23. Re7 dxc3 24. Rxc7 Be4 25. Rc1 c2 26. Nxc2 Rd8 27. Ne3 Rf7 28. Rxf7 Kxf7 29. Rxc5 Rd7 30. h4 Nd3 31. Ra5 Bb7 32. Nf5 Kf8 33. Nd6 1-0


[Site "https://www.chess.com"]

[Event "Titled Tuesday Blitz August 22 Late 2023"]
[White "Sarkar, Justin"]
[Black "Bullen, Alex"]
[WhiteFideId "2010011"]
[BlackFideId "1801627"]
[WhiteElo "2259"]
[BlackElo "2337"]
[Result "1-0"]
[Round "8"]
[TimeControl "180+1"]
[Date "2023.08.22"]
[WhiteClock "0:00:57"]
[BlackClock "0:02:10"]
[Board "133"]

1. d4 d5 2. c4 e6 3. Nc3 Nf6 4. Bg5 h6 5. Bxf6 Qxf6 6. cxd5 Bb4 7. Qa4+ Nc6 8. dxc6 Qxd4 9. cxb7+ Bd7 10. bxa8=Q+ Ke7 11. Qxb4+ Qxb4 12. Qe4 Qxb2 13. Nd5+ Kd6 14. Qb4+ Qxb4+ 15. Nxb4 c5 16. O-O-O+ Kc7 17. Na6+ Kc8 18. Nxc5 Bc6 19. Nf3 Kc7 20. Nd4 Bd5 21. e4 Bxa2 22. Kb2 Kb6 23. Na4+ Ka5 24. Kxa2 Rc8 25. Ka3 e5 26. Nb3# 1-0


[Site "https://www.chess.com"]

[Event "Titled Tuesday Blitz August 22 Late 2023"]
[White "Matthew_Clarke"]
[Black "Harish, Neeraj"]
[BlackFideId "30958130"]
[WhiteElo "2258"]
[BlackElo "2335"]
[Result "0-1"]
[Round "8"]
[TimeControl "180+1"]
[Date "2023.08.22"]
[WhiteClock "0:00:04"]
[BlackClock "0:00:39"]
[Board "134"]

1. c4 e5 2. Nc3 Nf6 3. Nf3 e4 4. Ng5 c6 5. Ngxe4 Nxe4 6. Nxe4 d5 7. cxd5 cxd5 8. Nc3 d4 9. Ne4 Qd5 10. d3 Nc6 11. a3 Be7 12. b4 O-O 13. Rb1 Be6 14. Nd2 h5 15. Nf3 h4 16. g3 h3 17. e4 dxe3 18. fxe3 Bg4 19. Be2 Rfe8 20. e4 Qh5 21. Be3 f5 22. b5 fxe4 23. dxe4 Na5 24. Rf1 Bf6 25. Qd2 Rac8 26. Qxa5 Bc3+ 0-1


[Site "https://www.chess.com"]

[Event "Titled Tuesday Blitz August 22 Late 2023"]
[White "Fernandez, Maria Florencia"]
[Black "Fernandez Bustamante, Leancy B."]
[WhiteFideId "116459"]
[BlackFideId "3523870"]
[WhiteElo "2333"]
[BlackElo "2254"]
[Result "1-0"]
[Round "8"]
[TimeControl "180+1"]
[Date "2023.08.22"]
[WhiteClock "0:00:06"]
[BlackClock "0:00:08"]
[Board "135"]

1. d4 c5 2. d5 d6 3. c4 e5 4. Nc3 Nf6 5. e4 g6 6. Be3 Bg7 7. f3 Na6 8. g4 Nc7 9. h4 h5 10. g5 Nh7 11. Qd2 O-O 12. O-O-O a6 13. Kb1 Bd7 14. Bh3 b5 15. Bxd7 Qxd7 16. Rc1 bxc4 17. Qe2 Rfb8 18. Qxc4 Nb5 19. Ka1 Nxc3 20. Rxc3 Rb4 21. Qd3 Rab8 22. Rh2 a5 23. Rcc2 Nf8 24. Bd2 R4b5 25. Ne2 Qb7 26. Bc1 Nd7 27. Nc3 Rb4 28. Be3 c4 29. Qe2 Bf8 30. Rh1 Be7 31. Rb1 Bd8 32. Bd2 Nc5 33. a3 Qa6 34. Be3 Bb6 35. Bxc5 Bxc5 36. Na2 Ra4 37. Rbc1 Bd4 38. Nc3 Bxc3 39. Rxc3 Rc8 40. Qc2 Qb5 41. Ka2 Rc5 42. Qd2 Kg7 43. f4 exf4 44. Qd4+ Kg8 45. Qf6 Rb4 46. R1c2 Rb3 47. Qd8+ Kg7 48. Qxd6 Rxc3 49. Rxc3 a4 50. Qe5+ Kh7 51. Qxf4 Rc8 52. Qxf7+ Kh8 53. Qf6+ Kh7 54. Qe7+ Kh8 55. Qb4 Qd7 56. Rxc4 Rxc4 57. Qxc4 Qh3 58. Qc3+ Qxc3 59. bxc3 Kg7 60. c4 Kf7 61. c5 Ke7 1-0


[Site "https://www.chess.com"]

[Event "Titled Tuesday Blitz August 22 Late 2023"]
[White "Okike, David"]
[Black "Penagalapati, Abhinav"]
[WhiteFideId "8500134"]
[BlackFideId "30938210"]
[WhiteElo "2331"]
[BlackElo "2224"]
[Result "0-1"]
[Round "8"]
[TimeControl "180+1"]
[Date "2023.08.22"]
[WhiteClock "0:02:04"]
[BlackClock "0:01:37"]
[Board "136"]

1. e4 c5 2. Nf3 d6 3. d4 cxd4 4. Nxd4 Nf6 5. Nc3 Nc6 6. Bg5 e6 7. f3 Qb6 8. Nb3 Be7 9. Qd2 O-O 10. O-O-O a6 11. h4 Rd8 12. h5 Qc7 13. h6 g6 14. Qf4 Ne8 15. Bxe7 Qxe7 16. g4 b5 17. g5 b4 18. Ne2 a5 19. Qe3 a4 20. Nbd4 Ne5 21. f4 Nc4 22. Qd3 Qc7 23. Bg2 Ba6 24. Qg3 e5 25. fxe5 dxe5 26. Rhf1 exd4 27. Qf2 Ne3 28. Nxd4 Nxf1 29. Bxf1 Qe5 30. Bxa6 Rxa6 31. Rf1 Qxg5+ 32. Kb1 Rf6 33. Qg1 Qxg1 34. Rxg1 Rxd4 0-1


[Site "https://www.chess.com"]

[Event "Titled Tuesday Blitz August 22 Late 2023"]
[White "Stanisz, Patryk"]
[Black "Erece, Ece Alkim"]
[WhiteFideId "1123106"]
[BlackFideId "6346006"]
[WhiteElo "2321"]
[BlackElo "2216"]
[Result "1-0"]
[Round "8"]
[TimeControl "180+1"]
[Date "2023.08.22"]
[WhiteClock "0:01:53"]
[BlackClock "0:00:32"]
[Board "137"]

1. d4 Nf6 2. c4 g6 3. Nc3 Bg7 4. e4 d6 5. Be2 O-O 6. g4 e5 7. d5 Nbd7 8. h4 Nc5 9. f3 h5 10. g5 Nfd7 11. Be3 a5 12. b3 f5 13. gxf6 Bxf6 14. Qd2 Bxh4+ 15. Kd1 Kh7 16. Kc2 Bg3 17. Nh3 Bf4 18. Nxf4 exf4 19. Bxf4 Ne5 20. Rag1 Qf6 21. Bg5 Qf7 22. f4 Ned7 23. f5 Ne5 24. fxg6+ Nxg6 25. Bxh5 Kg8 26. Bxg6 1-0


[Site "https://www.chess.com"]

[Event "Titled Tuesday Blitz August 22 Late 2023"]
[White "campochess"]
[Black "Ardila, Oscar Humberto"]
[BlackFideId "4404742"]
[WhiteElo "2202"]
[BlackElo "2312"]
[Result "0-1"]
[Round "8"]
[TimeControl "180+1"]
[Date "2023.08.22"]
[WhiteClock "0:00:28"]
[BlackClock "0:01:49"]
[Board "138"]

1. d4 Nf6 2. Bg5 e6 3. e4 h6 4. Bxf6 Qxf6 5. Nf3 d6 6. c4 Nd7 7. Nc3 c6 8. Bd3 e5 9. d5 Be7 10. O-O O-O 11. b4 Re8 12. Re1 Nf8 13. dxc6 bxc6 14. b5 Bd7 15. a4 Ng6 16. Bf1 Nf4 17. bxc6 Bxc6 18. Nd5 Bxd5 19. exd5 Bd8 20. c5 dxc5 21. Rc1 Bb6 22. Re4 Rad8 23. Rxf4 Qxf4 24. a5 Bxa5 25. Rxc5 Bb6 26. Rc4 e4 27. Qc2 Rxd5 28. Ne1 Rd2 0-1


[Site "https://www.chess.com"]

[Event "Titled Tuesday Blitz August 22 Late 2023"]
[White "Petersson, Kjell"]
[Black "Acikel, Mert"]
[WhiteFideId "1705148"]
[BlackFideId "12956465"]
[WhiteElo "2172"]
[BlackElo "2307"]
[Result "0-1"]
[Round "8"]
[TimeControl "180+1"]
[Date "2023.08.22"]
[WhiteClock "0:00:11"]
[BlackClock "0:01:10"]
[Board "139"]

1. d4 d5 2. Bf4 e6 3. e3 c5 4. c3 Bd6 5. Bg3 Qc7 6. Nd2 Nd7 7. Bxd6 Qxd6 8. f4 Ngf6 9. Ngf3 O-O 10. Ne5 b6 11. Bd3 a5 12. a4 Ba6 13. Bxa6 Rxa6 14. Qe2 Raa8 15. O-O Rac8 16. g4 Ne4 17. Rf3 Nxd2 18. Qxd2 f6 19. Nxd7 Qxd7 20. Qc2 Qd6 21. Rh3 g6 22. f5 exf5 23. gxf5 g5 24. Qe2 Qe7 25. Qh5 Qf7 26. Qf3 Rfe8 27. Re1 Re4 28. Rg3 h6 29. Qf1 c4 30. Rh3 Kg7 31. Qf3 Rce8 32. Qg2 Qd7 33. Qg3 R8e7 34. Qb8 Qxf5 35. Rg3 Qe6 36. Qd8 f5 37. h4 Kg6 38. hxg5 hxg5 39. Qh8 Rh4 40. Qf8 Reh7 41. Kf2 Rh2+ 42. Rg2 Rxg2+ 43. Kxg2 Qe4+ 44. Kg3 Qg4+ 45. Kf2 Rh2+ 46. Kf1 Qg2# 0-1


[Site "https://www.chess.com"]

[Event "Titled Tuesday Blitz August 22 Late 2023"]
[White "Novikova, Margarita"]
[Black "Zampronha, Wladimir Camilo"]
[WhiteFideId "14109689"]
[BlackFideId "2103087"]
[WhiteElo "2170"]
[BlackElo "2301"]
[Result "1-0"]
[Round "8"]
[TimeControl "180+1"]
[Date "2023.08.22"]
[WhiteClock "0:00:29"]
[BlackClock "0:00:13"]
[Board "140"]

1. d4 Nf6 2. Nf3 e6 3. Bf4 c5 4. e3 d5 5. c3 Nc6 6. Be2 Bd6 7. Bg3 O-O 8. h3 Bxg3 9. fxg3 Qd6 10. g4 e5 11. O-O Be6 12. Nbd2 Rfe8 13. Nb3 b6 14. Bb5 e4 15. Bxc6 Qxc6 16. Ne5 Qd6 17. g5 Nd7 18. Nxd7 Bxd7 19. Qh5 Re7 20. Rf4 c4 21. Nd2 b5 22. a3 a5 23. Nf1 Qg6 24. Qh4 Rb8 25. Ng3 b4 26. axb4 axb4 27. Raf1 bxc3 28. bxc3 Be6 29. Nf5 Bxf5 30. Rxf5 Qe6 31. g6 hxg6 32. Re5 Qxe5 33. dxe5 Rxe5 34. Qf4 Rbe8 35. Qxf7+ Kh7 36. Rf4 Kh6 37. Rh4+ Kg5 38. g3 Ra8 39. Qf4# 1-0


[Site "https://www.chess.com"]

[Event "Titled Tuesday Blitz August 22 Late 2023"]
[White "cthake"]
[Black "Brahami, Lamine"]
[BlackFideId "7905637"]
[WhiteElo "1856"]
[BlackElo "2295"]
[Result "0-1"]
[Round "8"]
[TimeControl "180+1"]
[Date "2023.08.22"]
[WhiteClock "0:00:00"]
[BlackClock "0:00:18"]
[Board "141"]

1. e4 c6 2. d4 d5 3. f3 dxe4 4. fxe4 g6 5. Nf3 Bg7 6. c3 Nf6 7. Bd3 O-O 8. O-O Nbd7 9. Bg5 c5 10. e5 Nd5 11. Nbd2 cxd4 12. cxd4 Qb6 13. Kh1 h6 14. Bh4 Ne3 15. Qe2 Nxf1 16. Rxf1 e6 17. Be7 Re8 18. Bd6 Bf8 19. Nc4 Qd8 20. Qc2 Kg7 21. Bxf8+ Rxf8 22. Nd6 Nb6 23. Nd2 Nd5 24. Rf3 Nb4 25. Qb3 Nxd3 26. Qxd3 Bd7 27. N2e4 Bc6 28. Rf1 Qe7 29. Nf6 Rad8 30. Qa3 Rd7 31. b4 Rxd6 32. exd6 Qxd6 33. Qc3 Bd5 34. b5 Rd8 35. a4 a6 36. bxa6 Qxa6 37. Qe1 Qxa4 38. Qe5 Kf8 39. Nh7+ Ke8 40. Qf6 e5 41. Qxe5+ Be6 42. Nf6+ Ke7 43. d5 Qc4 0-1


[Site "https://www.chess.com"]

[Event "Titled Tuesday Blitz August 22 Late 2023"]
[White "miraitrunks"]
[Black "Merino Garcia, Rafael II"]
[BlackFideId "2209128"]
[WhiteElo "1988"]
[BlackElo "2349"]
[Result "0-1"]
[Round "8"]
[TimeControl "180+1"]
[Date "2023.08.22"]
[WhiteClock "0:00:06"]
[BlackClock "0:01:14"]
[Board "142"]

1. e4 d6 2. d4 Nd7 3. Nc3 g6 4. Nge2 Bg7 5. g3 e6 6. Bg2 Ne7 7. O-O O-O 8. Be3 h6 9. Qd2 Kh7 10. f4 f5 11. Rad1 Nf6 12. d5 exd5 13. exd5 Bd7 14. Bd4 Qe8 15. Rfe1 Qf7 16. a4 Rad8 17. a5 c5 18. dxc6 Bxc6 19. Bxa7 Bxg2 20. Kxg2 d5 21. Nd4 Ne4 22. Qe3 Nc6 23. Nxc6 bxc6 24. Nxe4 fxe4 25. Bb6 Rde8 26. c3 h5 27. Bc5 Rg8 28. a6 Bh6 29. a7 g5 30. fxg5 Rxg5 31. Bd6 Rf5 32. Qb6 Qd7 33. Bb8 e3 34. a8=Q Rf2+ 35. Kg1 Qh3 36. Qab7+ Kg8 37. Qf7+ Kxf7 38. Rf1 Qxh2# 0-1


[Site "https://www.chess.com"]